 Dungeon Crawl Stone Soup version 0.30-a0-1160-g6e42c06551 (webtiles) character file.

Game seed: 5923178839881003496

2390 Mgcat the Chopper (level 9, 0/80 HPs)
             Began as an Armataur Berserker on Apr 26, 2023.
             Was a Priest of Trog.
             Succumbed to a hornet's poison
             ... on level 8 of the Dungeon.
             The game lasted 00:10:06 (6818 turns).

Mgcat the Chopper (Armataur Berserker)              Turns: 6818, Time: 00:10:07

Health: 0/80       AC: 10    Str: 28    XL:     9   Next: 22%
Magic:  9/9        EV:  9    Int:  7    God:    Trog [***...]
Gold:   357        SH:  0    Dex:  9    Spells: 8/8 levels left

rFire   . . .        a - +0 hand axe
rCold   + . .        (no shield)
rNeg    . . .        j - +0 scale mail
rPois   +            z - +1 hat
rElec   .            o - +0 cloak
rCorr   .            (no gloves)
SInv    .            (no barding)
Will    .....        v - amulet of regeneration {+regen, !d} Stlth
                     g - ring of poison resistance {rPois, !d}
HPRegen 1.13/turn    r - ring of protection from cold {rC+, !d}
MPRegen 0.11/turn

%: roll
@: lethally poisoned (0 -> -2), invisible
A: large, rugged brown scales 3, deformed body, armoured tail, roll, long
tongue, awkward tongue
a: Renounce Religion, Berserk, Trog's Hand


You were on level 8 of the Dungeon.
You worshipped Trog.
Trog was most pleased with you.
You visited 1 branch of the dungeon, and saw 8 of its levels.

You collected 357 gold pieces.

Inventory:

Hand Weapons
 a - a +0 hand axe (weapon)
Armour
 j - a +0 scale mail (worn)
   (You found it on level 1 of the Dungeon)
 o - a +0 cloak (worn)
   (You found it on level 3 of the Dungeon)
 z - a +1 hat (worn)
   (You found it on level 7 of the Dungeon)
Jewellery
 g - a ring of poison resistance (left hand) {rPois, !d}
   (You found it on level 1 of the Dungeon)
 r - a ring of protection from cold (right hand) {rC+, !d}
   (You found it on level 5 of the Dungeon)
 v - an amulet of regeneration (around neck) {+regen, !d}
   (You found it on level 6 of the Dungeon)
Wands
 n - a wand of paralysis (10)
   (You found it on level 5 of the Dungeon)
 D - a wand of light (3)
   (You took it off a kobold on level 7 of the Dungeon)
Scrolls
 d - 2 scrolls of immolation {!r}
 i - 2 scrolls of fog {unknown}
 m - a scroll of noise {!r}
 p - 3 scrolls of vulnerability {!r!r}
 u - a scroll of brand weapon {unknown}
 y - 2 scrolls of identify
 A - a scroll of teleportation {unknown}
 B - a scroll of fear {unknown}
Potions
 b - 2 potions of degeneration {unknown}
 c - a potion of might {unknown}
 e - 3 potions of invisibility
 f - a potion of flight {unknown}
 h - 2 potions of haste
 k - a potion of mutation {unknown}
 l - a potion of brilliance {unknown}
 q - a potion of experience
 s - 2 potions of heal wounds {unknown}
 t - a potion of ambrosia {unknown}
 w - a potion of attraction {unknown}
 x - a potion of cancellation {unknown}
 C - 2 potions of curing {unknown}


   Skills:
 + Level 5.7 Fighting
 * Level 7.0 Axes
 + Level 7.0 Armour
 + Level 4.4 Dodging


You had 8 spell levels left.
You didn't know any spells.
Your spell library was empty.

Dungeon Overview and Level Annotations

Branches:
Dungeon (8/15)             Temple (0/1) D:4
   Lair: D:8-11

Altars:
Fedhas
Ru


Innate Abilities, Weirdness & Mutations

You are completely covered in rugged brown scales. (AC +3, +7% HP)
Armour fits poorly on your strangely shaped body.
You have a long armoured tail.
You roll when moving toward enemies. (Rampage)
Your long tongue fully drains potion bottles. (2x potion effects)
Your tongue gives you trouble enunciating. (1.5x scroll delay)


Message History

You closely miss the hornet.
The hornet is lightly wounded.
The hornet stings you.
You feel yourself slow down. The hornet stings you.
You feel as though you will be slow longer.
You take 7 damage, and have 60/80 hp.
You are too injured to fight recklessly!
Unknown command.
You are too injured to fight recklessly!
You are too injured to fight recklessly!
You are too injured to fight recklessly!
You are too injured to fight recklessly!
You closely miss the hornet.
The hornet is lightly wounded.
The hornet stings you. The hornet barely misses you.
You take 3 damage, and have 57/80 hp.
You closely miss the hornet.
Your tail-slap misses the hornet.
The hornet is lightly wounded.
The hornet stings you but does no damage.
The hornet barely misses you.
You closely miss the hornet.
The hornet is lightly wounded.
The hornet stings you but does no damage. x2
You regained 2 hp, and now have 60/80 hp.
You hit the hornet. You tail-slap the hornet!
The hornet is moderately wounded.
The hornet closely misses you. The hornet stings you! The hornet misses you.
You take 7 damage, and have 53/80 hp.
You miss the hornet.
The hornet is moderately wounded.
You feel yourself speed up.
The hornet stings you but does no damage.
The hornet stings you.
You feel yourself slow down.
You take 3 damage, and have 50/80 hp.
Unknown command.
Unknown command.
You hit the hornet.
The hornet is heavily wounded.
The hornet stings you but does no damage.
The hornet stings you.
You are poisoned.
You feel as though you will be slow longer.
You take 1 damage, and have 49/80 hp.
You hit the hornet.
The hornet is heavily wounded.
You feel very sick.
The hornet stings you but does no damage.
The hornet stings you.
You take 6 damage, and have 43/80 hp.
You hit the hornet.
The hornet is severely wounded.
You feel very sick. The hornet stings you!
The hornet stings you but does no damage.
You take 8 damage, and have 35/80 hp.
You slash the hornet!
The hornet is almost dead.
You feel yourself speed up.
You feel sick. The hornet stings you.
You feel yourself slow down. The hornet closely misses you.
You take 5 damage, and have 30/80 hp.
Unknown command.
You completely miss the hornet.
Your tail-slap misses the hornet.
The hornet is severely wounded.
You feel sick. The hornet closely misses you. The hornet misses you.
You hit the hornet.
The hornet is almost dead.
You feel yourself speed up.
You feel sick.
The hornet stings you but does no damage. x2
Unknown command.
You miss the hornet.
Your tail-slap misses the hornet.
The hornet is almost dead.
You feel sick. The hornet stings you.
You are more poisoned.
The hornet stings you!
* * * LOW HITPOINT WARNING * * *
You take 15 damage, and have 16/80 hp.
You miss the hornet.
The hornet is almost dead.
You feel very sick. The hornet stings you.
* * * LOW HITPOINT WARNING * * *
You take 3 damage, and have 13/80 hp.
Unknown command.
Okay, then.
You hit the hornet but do no damage.
The hornet is almost dead.
You feel very sick. The hornet stings you!
* * * LOW HITPOINT WARNING * * *
The hornet closely misses you.
You take 12 damage, and have 1/80 hp.
It was a potion of invisibility.
You fade into invisibility!
You slurp down every last drop of the potion of invisibility!
You die...

#....##.....##....##
######....#########.....#
..........# ......#.....#
.........)# ..<...#.....#
..........# ......#.....#
..........# ......#.....#
######...## ....# #..<.##
#...###....########
#...#.@y......
#...#.........
#...'.........
+...#.........
#...#.........
#+####.....##. #.....#
#.....# ...)..


You could see a hornet (unable to see you).

Vanquished Creatures
  3 yaks
  A steam dragon (D:5)
  A water moccasin (D:7)
  An ice beast (D:4)
  A sky beast (D:6)
  2 centaurs (D:7)
  A phantom (D:5)
  Blork the orc (D:4)
  A kobold brigand (D:7)
  3 bullfrogs
  6 scorpions
  2 howler monkeys (D:7)
  3 hounds
  3 jellies
  An orc priest (D:4)
  2 iguanas (D:6)
  2 sleepcaps (D:6)
  4 gnolls (D:2)
  6 adders
  2 shadow imps
  2 white imps (D:5)
  2 worms (D:5)
  3 dart slugs
  7 orcs
  5 ball pythons
  2 bats
  5 endoplasms
  4 giant cockroaches
  4 goblins
  5 hobgoblins
  2 jackals (D:2)
  9 kobolds
  7 quokkas
  A frilled lizard (D:1)
  5 rats
109 creatures vanquished.

Vanquished Creatures (others)
  A kobold (D:7)
  32 fungi (D:6)
33 creatures vanquished.

Grand Total: 142 creatures vanquished

Notes
Turn   | Place    | Note
-------+----------+-------------------------------------------
     0 | D:1      | Mgcat the Armataur Berserker began the quest for the Orb.
     0 | D:1      | Reached XP level 1. HP: 19/19 MP: 1/1
   754 | D:1      | Found a faded altar of an unknown god.
   773 | D:2      | Found a sacrificial altar of Ru.
   829 | D:2      | Reached XP level 2. HP: 21/26 MP: 2/2
  1125 | D:2      | Reached skill level 3 in Fighting
  1125 | D:2      | Reached XP level 3. HP: 32/33 MP: 3/3
  1127 | D:2      | Reached skill level 3 in Axes
  1127 | D:2      | Reached skill level 3 in Armour
  1336 | D:2      | Reached XP level 4. HP: 40/40 MP: 4/4
  1785 | D:3      | Reached skill level 2 in Dodging
  2063 | D:4      | Found a staircase to the Ecumenical Temple.
  2070 | D:4      | Reached ** piety under Trog
  2100 | D:4      | Noticed a scorpion
  2121 | D:4      | Killed a scorpion
  2122 | D:4      | Reached XP level 5. HP: 48/48 MP: 5/5
  2309 | D:4      | Reached skill level 4 in Armour
  2321 | D:4      | Reached skill level 4 in Axes
  2321 | D:4      | Reached XP level 6. HP: 35/54 MP: 6/6
  2503 | D:4      | Noticed Blork the orc
  2668 | D:4      | Killed Blork the orc
  2928 | D:4      | Found a blossoming altar of Fedhas.
  3000 | D:5      | Entered Level 5 of the Dungeon
  3003 | D:5      | Noticed an ice beast
  3020 | D:4      | Killed an ice beast
  3021 | D:4      | Reached skill level 4 in Fighting
  3158 | D:5      | Reached XP level 7. HP: 42/63 MP: 7/7
  3270 | D:5      | Noticed a steam dragon
  3281 | D:5      | Killed a steam dragon
  3282 | D:5      | Reached skill level 5 in Axes
  3282 | D:5      | Reached skill level 5 in Armour
  3282 | D:5      | Reached skill level 3 in Dodging
  4044 | D:6      | Noticed a yak
  4044 | D:6      | Noticed a yak
  4044 | D:6      | Noticed a yak
  4059 | D:5      | Killed a yak
  4063 | D:5      | Killed a yak
  4064 | D:5      | Reached XP level 8. HP: 44/71 MP: 8/8
  4564 | D:6      | Reached skill level 5 in Fighting
  4564 | D:6      | Reached skill level 6 in Axes
  4564 | D:6      | Reached skill level 6 in Armour
  5026 | D:6      | Reached skill level 4 in Dodging
  5477 | D:6      | HP: 17/72 [acid (4)]
  5477 | D:6      | HP: 5/72 [acid (10)]
  5864 | D:7      | Reached *** piety under Trog
  5940 | D:7      | Reached XP level 9. HP: 66/79 MP: 9/9
  6525 | D:7      | HP: 19/80 [kobold/bolt of light (17)]
  6534 | D:7      | HP: 20/80 [kobold brigand/+1 dagger of venom (4)]
  6536 | D:7      | Reached skill level 7 in Axes
  6536 | D:7      | Reached skill level 7 in Armour
  6815 | D:8      | HP: 16/80 [hornet (11)]
  6817 | D:8      | HP: 1/80 [hornet (10)]
  6818 | D:8      | Succumbed to a hornet's poison

Illustrated notes

Levels and vault maps discovered:
D:1:      dpeg_arrival_another_circle, layout_loops_ring,
          shapermc_ecumenical_altar_hornbeckon
D:2:      layout_loops_ring, basic_altar
D:3:      layout_basic
D:4:      layout_cave_pools, fedhas_altar_fruit_tree,
          minmay_temple_entry_mini_moons, uniq_blork_the_orc
D:5:      layout_rooms, portal_sewer_entry_e
D:6:      layout_rooms, serial_aquarium, aquarium_bridge_straight
          [aquarium_subvault_bridge, aquarium_subvault_wall,
          aquarium_subvault_bridge, aquarium_subvault_window],
          aquarium_bridge_long_separate [aquarium_subvault_window,
          aquarium_subvault_bridge, aquarium_subvault_bridge,
          aquarium_subvault_window, aquarium_subvault_bridge,
          aquarium_subvault_wall], aquarium_window_corridor_3,
          aquarium_window_2, aquarium_view_2g, aquarium_balcony_double_4,
          aquarium_pool_four, minmay_misc_feat_encased,
          wad_floor_pattern_untrapped
D:7:      layout_layer_cave, hangedman_decor_clover_reticule
D:8:      layout_gridville, mainiacjoe_overflow_big_doors

Skill      XL: |  1  2  3  4  5  6  7  8  9 |
---------------+----------------------------+-----
Fighting       | 3 4 5 |  5.7
Axes           | 3 4 5 6 7 |  7.0
Armour         | 3 4 5 6 7 |  7.0
Dodging        | 2 3 4 |  4.4

Action                     |  1- 3 |  4- 6 |  7- 9 || total
---------------------------+-------+-------+-------++-------
  Melee: Hand axe          |    80 |   159 |   283 ||   522
         Tailslap          |     5 |    17 |    34 ||    56
         Punch             |       |     1 |       ||     1
 Invoke: Berserk           |     1 |     3 |     4 ||     8
    Use: Scroll            |       |     6 |       ||     6
         Potion            |       |       |     1 ||     1
 Armour: Scale mail        |    35 |    79 |   121 ||   235
         Animal skin       |     9 |       |       ||     9
  Dodge: Dodged            |    20 |    56 |   126 ||   202

Table legend: (Time is in decaauts)
 A = Elapsed time spent in this place.
 B = Non-inter-level travel time spent in this place.
 C = Inter-level travel time spent in this place.
 D = Time resting spent in this place.
 E = Time spent auto-exploring this place.
 F = Levels seen in this place.
 G = Mean time per level.
                   A        B        C        D        E       F      G
               +--------+--------+--------+--------+--------+-----+--------+
         Total |   6905 |   6714 |    191 |   1432 |   4223 |   8 |  863.1 |
       Dungeon |   6905 |   6714 |    191 |   1432 |   4223 |   8 |  863.1 |
               +--------+--------+--------+--------+--------+-----+--------+

Top non-repeatable levels by time:
     D:6: 1605 daAuts
     D:5: 1103 daAuts
     D:7: 965 daAuts
     D:4: 886 daAuts
     D:1: 775 daAuts
     D:3: 773 daAuts
     D:2: 729 daAuts
     D:8: 66 daAuts

Levels and vault maps discovered:
D:1:      dpeg_arrival_another_circle, layout_loops_ring,
          shapermc_ecumenical_altar_hornbeckon
D:2:      layout_loops_ring, basic_altar
D:3:      layout_basic
D:4:      layout_cave_pools, fedhas_altar_fruit_tree,
          minmay_temple_entry_mini_moons, uniq_blork_the_orc
D:5:      layout_rooms, portal_sewer_entry_e
D:6:      layout_rooms, serial_aquarium, aquarium_bridge_straight
          [aquarium_subvault_bridge, aquarium_subvault_wall,
          aquarium_subvault_bridge, aquarium_subvault_window],
          aquarium_bridge_long_separate [aquarium_subvault_window,
          aquarium_subvault_bridge, aquarium_subvault_bridge,
          aquarium_subvault_window, aquarium_subvault_bridge,
          aquarium_subvault_wall], aquarium_window_corridor_3,
          aquarium_window_2, aquarium_view_2g, aquarium_balcony_double_4,
          aquarium_pool_four, minmay_misc_feat_encased,
          wad_floor_pattern_untrapped
D:7:      layout_layer_cave, hangedman_decor_clover_reticule
D:8:      layout_gridville, mainiacjoe_overflow_big_doors

Table legend: (Time is in decaauts)
 A = Elapsed time spent in this place.
 B = Non-inter-level travel time spent in this place.
 C = Inter-level travel time spent in this place.
 D = Time resting spent in this place.
 E = Time spent auto-exploring this place.
 F = Levels seen in this place.
 G = Mean time per level.
                   A        B        C        D        E       F      G
               +--------+--------+--------+--------+--------+-----+--------+
         Total |   6905 |   6714 |    191 |   1432 |   4223 |   8 |  863.1 |
       Dungeon |   6905 |   6714 |    191 |   1432 |   4223 |   8 |  863.1 |
               +--------+--------+--------+--------+--------+-----+--------+

Top non-repeatable levels by time:
     D:6: 1605 daAuts
     D:5: 1103 daAuts
     D:7: 965 daAuts
     D:4: 886 daAuts
     D:1: 775 daAuts
     D:3: 773 daAuts
     D:2: 729 daAuts
     D:8: 66 daAuts

Table legend:
 A = Kills in this place as a percentage of kills in the entire game.
 B = Kills by you in this place as a percentage of kills by you in the entire game.
 C = Kills by friends in this place as a percentage of kills by friends in the entire game.
 D = Other kills in this place as a percentage of other kills in the entire game.
 E = Experience gained in this place as a percentage of experience gained in the entire game.
 F = Experience gained in this place divided by the number of levels of this place that you have seen.
                   A       B       C       D       E      F
               +-------+-------+-------+-------+-------+----------------------
         Total | 100.0 | 100.0 |   N/A |   N/A | 100.0 | 426.9
       Dungeon | 100.0 | 100.0 |   N/A |   N/A | 100.0 | 426.9
               +-------+-------+-------+-------+-------+----------------------
